 Dungeon Crawl Stone Soup version 0.29-a0-872-g797fff5ad1 (webtiles) character file.

Game seed: 2991897958833243033

4081 mcwallace the Trooper (level 10, -2/79 HPs)
             Began as a Vine Stalker Fighter on July 18, 2022.
             Was an Initiate of Ashenzari.
             Slain by Gastronok (16 damage)
             ... on level 8 of the Dungeon.
             The game lasted 00:14:13 (6661 turns).

mcwallace the Trooper (Vine Stalker Fighter)        Turns: 6661, Time: 00:14:13

Health: -2/79      AC:  8    Str: 20    XL:     10   Next: 25%
Magic:  0/19       EV: 14    Int:  8    God:    Ashenzari [......]
Gold:   872        SH:  6    Dex: 20    Spells: 20/20 levels left

rFire   . . .      SeeInvis +   F - +5 short sword of Painful Death {holy, Dex+3, short}
rCold   . . .      Faith    .   c - +0 buckler
rNeg    . . .      Spirit   +   W - +0 troll leather armour {Pargi}
rPois   .          Reflect  .   (no helmet)
rElec   .          Harm     .   v - +0 cloak
rCorr   .          Rampage  .   e - +0 pair of gloves
Will    +....                   z - +0 pair of boots
Stlth   ..........              (no amulet)
HPRegen 1.83/turn               g - ring of see invisible
MPRegen 0.16/turn               (no ring)

@: berserking, very quick
A: fangs 3, regeneration 1, magic shield, antimagic bite, no potion heal 2
a: Renounce Religion, Curse Item


You were on level 8 of the Dungeon.
You worshipped Ashenzari.
Ashenzari was noncommittal.
You visited 1 branch of the dungeon, and saw 8 of its levels.
You also visited: Sewer and Ossuary.

You collected 872 gold pieces.


Innate Abilities, Weirdness & Mutations

You have razor-sharp teeth.
Your natural rate of healing is unusually fast.
When hurt, damage is shared between your health and your magic reserves.
Your bite disrupts and absorbs the magic of your enemies.
Potions cannot restore your health.


   Skills:
 + Level 5.7 Fighting
 + Level 5.3 Short Blades
 + Level 5.2 Armour
 + Level 4.3 Dodging
 + Level 5.7 Shields
 + Level 5.5 Spellcasting
 + Level 4.3 Evocations


You had 20 spell levels left.
You didn't know any spells.
Your spell library contained the following spells:

 Spells                   Type           Power      Damage    Failure   Level
 Apportation              Tloc           4%         N/A       36%         1
 Magic Dart               Conj           8%         1d3       36%         1
 Necrotise                Necr           8%         1d4       36%         1
 Summon Small Mammal      Summ           8%         N/A       36%         1
 Searing Ray              Conj           4%         2d4       50%         2
 Portal Projectile        Hex/Tloc       4%         N/A       73%         3
 Tukima's Dance           Hex            2%         N/A       73%         3
 Fulminant Prism          Conj/Hex       1%         3d6       98%         4
 Blade Hands              Tmut           1%         N/A       100%        5

Inventory:

Hand Weapons
 a - a +0 rapier {short}
 o - a +0 falchion {long}
   (You took it off Terence on level 2 of the Dungeon)
 u - a +2 quarterstaff of chaos {staff}
   (You took it off Crazy Yiuf on level 2 of the Dungeon)
 B - a +3 short sword {short}
   (You took it off an orc on level 3 of the Dungeon)
 C - a +3 hand axe {axe}
   (You took it off an orc on level 3 of the Dungeon)
 E - a +0 falchion {long}
   (You took it off an orc on level 3 of the Dungeon)
 F - the +5 short sword of Painful Death (weapon) {holy, Dex+3, short}
   (You found it on level 3 of the Dungeon)

   It has been blessed by the Shining One to cause great damage to the undead
   and demons.
   Dex:       It affects your dexterity (+3).
Missiles
 f - 62 stones (quivered) {throwing}
 N - 7 poisoned darts {throwing}
Armour
 c - a +0 buckler (worn)
 e - a +0 pair of gloves (worn)
   (You found it on level 1 of the Dungeon)
 v - a +0 cloak (worn)
   (You took it off Crazy Yiuf on level 2 of the Dungeon)
 z - a +0 pair of boots (worn)
   (You found it on level 3 of the Dungeon)
 M - +0 steam dragon scales
   (You took it off Maggie on level 8 of the Dungeon)
 R - a +0 leather armour
   (You found it on level 4 of the Dungeon)
 W - a +0 troll leather armour (worn) {Pargi}
   (You found it in a sewer)
 Z - a +0 robe
   (You took it off a wight on level 7 of the Dungeon)
Magical Staves
 l - a staff of conjuration {!a@e2staff}
   (You found it on level 7 of the Dungeon)
 y - a staff of cold {!astaff}
   (You found it on level 8 of the Dungeon)
 I - a staff of conjuration {!a@e2staff}
   (You found it on level 3 of the Dungeon)
Jewellery
 g - a ring of see invisible (left hand)
   (You found it on level 1 of the Dungeon)
 G - a ring of ice
   (You found it on level 8 of the Dungeon)
Wands
 i - a wand of paralysis (5)
   (You found it on level 5 of the Dungeon)
 w - a wand of flame (33)
   (You took it off Crazy Yiuf on level 2 of the Dungeon)
 P - a wand of acid (15)
   (You found it on level 4 of the Dungeon)
Scrolls
 b - a scroll of summoning {unknown}
 d - a scroll of fear {unknown}
 j - a scroll of vulnerability {unknown}
 m - 2 scrolls of fog {unknown}
 s - 2 scrolls of enchant weapon {unknown}
 x - 3 scrolls of magic mapping {!r}
 D - 5 scrolls of teleportation {@r4}
 J - 3 scrolls of immolation {!r!r}
 K - 2 scrolls of amnesia {unknown}
 Q - a scroll of acquirement {unknown}
 S - 3 scrolls of poison {!r}
 T - a scroll of enchant armour {unknown}
Potions
 h - 4 potions of heal wounds {@q2}
 n - 4 potions of magic
 p - 3 potions of flight {unknown}
 q - a potion of brilliance {unknown}
 r - 3 potions of attraction {unknown}
 t - 3 potions of curing {@q1}
 A - 2 potions of ambrosia {unknown}
 H - 3 potions of degeneration {unknown}
 L - 2 potions of haste {unknown}
 U - 4 potions of might
 V - 2 potions of lignification {unknown}
 Y - 2 potions of cancellation {unknown}
Miscellaneous
 k - a tin of tremorstones (2/2) {throwing}
   (You found it on level 7 of the Dungeon)

Dungeon Overview and Level Annotations

Branches:
Dungeon (8/15) Zot: 26599  Temple (0/1) D:7            Lair (0/5) D:8
  Sewer (visited)         Ossuary (visited)

Altars:
Ashenzari
Gozag
Kikubaaqudgha
Makhleb
Sif Muna
Trog
Vehumet
Wu Jian
Xom
Yredelemnul

Annotations:
D:8 Gastronok

#.# #.# #.#
#.# #)# ##
#.# #. #.#
..####.####.#
.....).@....#
...###w######
<.. ###. ..
##


You could see Gastronok (magic disrupted).


Message History

You hit the bullfrog. Your bite misses the bullfrog.
The bullfrog hits you but does no damage. 😎 HP[+1]
Your hp is fully restored (53).
You hit the bullfrog. You bite the bullfrog. You drain its power.
The bullfrog closely misses you. The bullfrog hits you. 😕 HP[-1]
You take 1 damage, and now have 52/53 hp.
You puncture the bullfrog!
You kill the bullfrog! 😎 HP[+1]
Your hp is fully restored (53).
No target in view!
No target in view!
Items here: ))) [ ††.
Found a stone staircase leading up.
Gastronok the Ponderous comes into view.
He is wearing a +0 hat of intelligence.
Aiming: Paralyse
Press: ? - help, Q - select action, (/) - cycle Shift-Dir - straight line
Okay, then.
Aiming: Corrosive Bolt
Press: ? - help, Q - select action, (/) - cycle Shift-Dir - straight line, f - Gastronok
Aim: Gastronok, wearing a +0 hat of intelligence (100% to hit)
The bolt of acid hits Gastronok!
The acid corrodes Gastronok!
A black bear comes into view.
Gastronok bites you! 😕 HP[-8] MP[-3]
You take 8 damage, and now have 45/53 hp.
You lost 3 mp, and now have 16/19 mp.
The black bear growls angrily.
You puncture Gastronok! Your bite misses Gastronok. 😕 HP[+2]
You regained 2 hp, and now have 47/53 hp.
You hit Gastronok.
You wobble. 😕 HP[+1]
You barely miss Gastronok. You bite Gastronok.
Gastronok's magic leaks into the air.
You drain his magic.
You feel invigorated. 😕 HP[+2] MP[+2]
You regained 2 hp, and now have 50/53 hp.
You regained 2 mp, and now have 18/19 mp.
You hit Gastronok. You bite Gastronok.
Gastronok's magic leaks into the air.
You drain his magic.
You feel invigorated.
Gastronok waves his eye-stalks in wide circles.
The air twists around and strikes you!! 😮 HP[-16] MP[-6]
You take 16 damage, and now have 34/53 hp.
MASSIVE DAMAGE!! (PAUSE)
You lost 6 mp, and now have 12/19 mp.
You hit Gastronok. You bite Gastronok.
Gastronok's magic leaks into the air.
You drain his magic.
You feel invigorated. 😮 HP[+2] MP[+3]
You regained 2 hp, and now have 36/53 hp.
You regained 3 mp, and now have 15/19 mp.
You hit Gastronok.
Gastronok is no longer covered in acid.
Gastronok bites you!!
* * * LOW HITPOINT WARNING * * *
😨 HP[-16] MP[-8]
You take 16 damage, and now have 20/53 hp.
MASSIVE DAMAGE!! (PAUSE)
You lost 8 mp, and now have 7/19 mp.
You hit Gastronok but do no damage.
Gastronok's magic is no longer disrupted. 😨 HP[+1]
You puncture Gastronok! 😨 HP[+2] MP[+1]
You regained 2 hp, and now have 23/53 hp.
You hit Gastronok. You bite Gastronok!
Gastronok's magic leaks into the air.
You drain his magic.
You feel invigorated.
You block Gastronok's attack. 😨 HP[+1] MP[+11]
Your mp is fully restored (19).
You hit Gastronok. You bite Gastronok.
Gastronok's magic leaks into the air.
You drain his magic. 😨 HP[+1]
You hit Gastronok. Gastronok bites you!!
* * * LOW HITPOINT WARNING * * *
😱 HP[-13] MP[-11]
You take 13 damage, and now have 12/53 hp.
MASSIVE DAMAGE!! (PAUSE)
You lost 11 mp, and now have 8/19 mp.
You hit Gastronok. You bite Gastronok!
Gastronok's magic leaks into the air.
You drain his magic.
You feel invigorated. 😱 HP[+1] MP[+11]
Your mp is fully restored (19).
You hit Gastronok. You bite Gastronok!
Gastronok's magic leaks into the air.
You drain his magic.
Gastronok waves his eye-stalks in wide circles.
The air twists around and strikes you!!
* * * LOW HITPOINT WARNING * * *
😱 HP[-7] MP[-11]
You take 7 damage, and now have 6/53 hp.
You lost 11 mp, and now have 8/19 mp.
You hit Gastronok. You bite Gastronok!
Gastronok's magic leaks into the air.
You drain his magic.
You feel invigorated. 😱 HP[+2] MP[+1]
You regained 2 hp, and now have 8/53 hp.
A red film seems to cover your vision as you go berserk!
You feel yourself moving faster!
You feel mighty! Gastronok bites you!!
You die...

Skill      XL: |  1  2  3  4  5  6  7  8  9 |
---------------+----------------------------+-----
Short Blades   | 2 3 4 5 |  5.3
Fighting       | 3 4 5 |  5.7
Shields        | 3 4 5 |  5.7
Spellcasting   | 1 2 3 4 5 |  5.5
Dodging        | 1 2 3 4 |  4.3
Armour         | 3 4 5 |  5.2
Evocations     | 1 2 4 |  4.3

Action                   |  1- 3 |  4- 6 |  7- 9 | 10-12 || total
-------------------------+-------+-------+-------+-------++-------
Melee: Rapier            |   103 |    72 |       |       ||   175
       Bite              |    23 |    56 |   104 |    29 ||   212
       Short sword       |       |   123 |   288 |    62 ||   473
Evoke: Wand              |       |       |     2 |     2 ||     4
  Use: Potion            |     1 |       |       |     1 ||     2
       Scroll            |       |       |     8 |       ||     8
 Stab: Paralysed         |       |       |     4 |     3 ||     7
Armor: Scale mail        |    52 |       |       |       ||    52
       Chain mail        |       |    93 |       |       ||    93
       Troll leather arm |       |       |    83 |     7 ||    90
Dodge: Dodged            |    41 |    63 |   149 |    32 ||   285
Block: Buckler           |    24 |    42 |    67 |    23 ||   156

Levels and vault maps discovered:
D:1:      lemuel_arrival_behind_the_door_small, layout_rooms
D:2:      layout_loops_ring, basic_ecumenical_altar, uniq_terence,
          uniq_crazy_yiuf_cottage
D:3:      layout_basic, ashenzari_conservatory_becter
D:4:      layout_rooms, mainiacjoe_overflow_six_doors_small,
          mainiacjoe_overflow_alcove_4, lemuel_round_altar, nicolae_titane
D:5:      layout_cave_pods, cheibrodos_sewer_entry_bend, uniq_sigmund
D:6:      layout_basic, nicolae_gozag_seed_capital, makhleb_altar_promises_db
D:7:      layout_rooms, tgw_trog, gammafunk_temple_of_torment,
          lemuel_blue_sif_altar, minmay_temple_entry_purple_smoke,
          nicolae_ossuary_entry_false_entrances
D:8:      layout_basic, lair_entry_dummy, uniq_maggie, uniq_joseph,
          uniq_gastronok

Notes
Turn   | Place    | Note
-------+----------+-------------------------------------------
     0 | D:1      | mcwallace the Vine Stalker Fighter began the quest for the
                  | Orb.
     0 | D:1      | Reached XP level 1. HP: 11/11 MP: 2/2
     0 | D:1      | magus.rc [v1.9.6]
   234 | D:1      | Reached XP level 2. HP: 13/16 MP: 3/3
   403 | D:1      | Reached skill level 2 in Short Blades
   841 | D:1      | Reached XP level 3. HP: 13/19 MP: 3/5
  1009 | D:1      | Reached skill level 3 in Fighting
  1321 | D:2      | Noticed Terence
  1335 | D:2      | Killed Terence
  1336 | D:2      | Reached skill level 3 in Shields
  1336 | D:2      | Reached skill level 1 in Spellcasting
  1336 | D:2      | Gained mutation: Your natural rate of healing is unusually
                  | fast. [Vine Stalker growth]
  1336 | D:2      | Reached XP level 4. HP: 11/24 MP: 2/6
  1607 | D:2      | Found a runed translucent door.
  1608 | D:2      | Noticed Crazy Yiuf
  1718 | D:2      | Found a faded altar of an unknown god.
  1865 | D:2      | You pick up a book of Cantrips and begin reading...
  1865 | D:2      | You add the spells Necrotise, Summon Small Mammal and
                  | Apportation to your library.
  2034 | D:2      | Killed Crazy Yiuf
  2035 | D:2      | Reached skill level 1 in Dodging
  2152 | D:3      | Reached XP level 5. HP: 28/28 MP: 8/8
  2184 | D:3      | Found a broken altar of Ashenzari.
  2238 | D:3      | Became a worshipper of Ashenzari the Shackled
  2345 | D:3      | Identified the +5 short sword of Painful Death {holy,
                  | Dex+3}
  2456 | D:3      | Reached skill level 3 in Armour
  2518 | D:3      | Reached skill level 2 in Spellcasting
  2808 | D:4      | Reached XP level 6. HP: 32/32 MP: 10/10
  2984 | D:4      | Found a shimmering altar of Xom.
  3092 | D:4      | Found an ornate altar of the Wu Jian Council.
  3181 | D:4      | Found a radiant altar of Vehumet.
  3260 | D:5      | Entered Level 5 of the Dungeon
  3273 | D:5      | Found a glowing drain.
  3304 | Sewer    | Entered a sewer
  3330 | Sewer    | Noticed Pargi
  3347 | Sewer    | Killed Pargi
  3348 | Sewer    | Reached skill level 3 in Short Blades
  3348 | Sewer    | Reached XP level 7. HP: 37/37 MP: 9/11
  3461 | D:5      | Reached skill level 2 in Dodging
  3606 | D:5      | Noticed Sigmund
  3611 | D:5      | Killed Sigmund
  3612 | D:5      | Reached skill level 1 in Evocations
  3647 | D:5      | Reached skill level 4 in Fighting
  3647 | D:5      | Reached skill level 3 in Spellcasting
  4016 | D:5      | Reached skill level 4 in Shields
  4271 | D:6      | Gained mutation: You have razor-sharp teeth. [Vine Stalker
                  | growth]
  4271 | D:6      | Reached XP level 8. HP: 42/42 MP: 13/13
  4290 | D:6      | You pick up a book of Weapons and begin reading...
  4290 | D:6      | You add the spells Tukima's Dance, Portal Projectile and
                  | Blade Hands to your library.
  4449 | D:6      | Reached skill level 2 in Evocations
  4619 | D:6      | Reached skill level 4 in Armour
  4819 | D:6      | Found an opulent altar of Gozag.
  4874 | D:6      | Reached skill level 4 in Short Blades
  5016 | D:6      | Found a burning altar of Makhleb.
  5016 | D:6      | Noticed a balrug
  5019 | D:6      | Noticed a ynoxinul
  5145 | D:7      | Found a sand-covered staircase.
  5192 | Ossuary  | Entered an ossuary
  5204 | Ossuary  | Reached skill level 3 in Dodging
  5417 | D:7      | Reached skill level 4 in Spellcasting
  5442 | D:7      | Reached XP level 9. HP: 36/46 MP: 14/16
  5449 | D:7      | Reached skill level 3 in Evocations
  5536 | D:7      | Reached skill level 5 in Fighting
  5537 | D:7      | Found a basalt altar of Yredelemnul.
  5538 | D:7      | Noticed Menkaure
  5543 | D:7      | Found an ancient bone altar of Kikubaaqudgha.
  5543 | D:7      | Found a transporter.
  5552 | D:7      | Reached skill level 5 in Shields
  5642 | D:7      | Found a staircase to the Ecumenical Temple.
  5664 | D:7      | Noticed a moth of wrath
  5667 | D:7      | Found a bloodstained altar of Trog.
  5786 | D:7      | Found a transporter.
  5813 | D:7      | Killed Menkaure
  5822 | D:7      | You pick up a book of Conjurations {@e2} and begin
                  | reading...
  5822 | D:7      | You add the spells Magic Dart, Searing Ray and Fulminant
                  | Prism to your library.
  6123 | D:7      | Found a shimmering blue altar of Sif Muna.
  6308 | D:8      | Noticed a two-headed ogre
  6316 | D:8      | Killed a two-headed ogre
  6317 | D:8      | Reached skill level 5 in Spellcasting
  6332 | D:8      | Reached skill level 5 in Armour
  6332 | D:8      | Reached skill level 4 in Dodging
  6332 | D:8      | Reached skill level 4 in Evocations
  6352 | D:8      | Noticed Joseph
  6360 | D:8      | Reached skill level 5 in Short Blades
  6376 | D:8      | Killed Joseph
  6377 | D:8      | Reached XP level 10. HP: 27/52 MP: 13/18
  6450 | D:8      | Found a staircase to the Lair.
  6560 | D:8      | Noticed Maggie
  6569 | D:8      | Killed Maggie
  6644 | D:8      | Noticed Gastronok
  6657 | D:8      | HP: 12/53 [Gastronok (15)]
  6661 | D:8      | Slain by Gastronok

Vanquished Creatures
  A two-headed ogre (D:8)
  Joseph (D:8)
  Maggie (D:8)
  Sigmund (D:5)
  Menkaure (D:7)
  A water moccasin (D:6)
  Pargi (Sewer)
  2 ice beasts
  2 black bears (D:6)
  An ogre (D:6)
  4 centaurs
  A phantom (D:5)
  3 bullfrogs
  A kobold brigand (D:8)
  A necrophage (D:7)
  4 scorpions
  3 wights (D:7)
  A howler monkey (D:7)
  A hound (D:6)
  Crazy Yiuf (D:2)
  A gnoll bouda (D:8)
  A jelly (D:5)
  6 orc priests
  3 iguanas
  6 orc wizards
  Terence (D:2)
  8 mummies (Ossuary)
  3 gnolls (D:8)
  3 adders
  A white imp (D:6)
  2 ufetubi
  3 worms
  5 dart slugs
  31 orcs
  11 endoplasms
  5 giant cockroaches
  2 gnoll zombies (Ossuary)
  7 goblins
  4 hobgoblins
  2 quokkas (D:1)
  7 ball pythons
  7 bats
  4 frilled lizards
  4 hobgoblin zombies (Ossuary)
  10 kobolds
  A kobold zombie (Ossuary)
  An orc zombie (Ossuary)
  7 rats
178 creatures vanquished.

Table legend:
 A = Non-vault XP
 B = Vault XP
 C = Vault XP percentage of total XP
 D = Non-vault monster count
 E = Vault monster count
 F = Vault count percentage of total count
                 A         B        C        D         E       F
            +---------+---------+-------+---------+---------+-------
      Total |    4152 |    1679 |  28.8 |     146 |      32 |  18.0
            +---------+---------+-------+---------+---------+-------
        D:1 |      58 |       0 |   0.0 |      32 |       0 |   0.0
        D:2 |      32 |      74 |  69.8 |      12 |       2 |  14.3
        D:3 |     139 |       0 |   0.0 |      21 |       0 |   0.0
        D:4 |     146 |       0 |   0.0 |      13 |       0 |   0.0
        D:5 |     347 |     228 |  39.7 |      15 |       2 |  11.8
        D:6 |     831 |       0 |   0.0 |      13 |       0 |   0.0
        D:7 |    1104 |     280 |  20.2 |      23 |       7 |  23.3
        D:8 |    1495 |     809 |  35.1 |      17 |       2 |  10.5
      Sewer |       0 |     136 | 100.0 |       0 |       3 | 100.0
    Ossuary |       0 |     152 | 100.0 |       0 |      16 | 100.0
            +---------+---------+-------+---------+---------+-------

Illustrated notes

Table legend:
 A = Kills in this place as a percentage of kills in entire the game.
 B = Kills by you in this place as a percentage of kills by you in the entire game.
 C = Kills by friends in this place as a percentage of kills by friends in the entire game.
 D = Other kills in this place as a percentage of other kills in the entire game.
 E = Experience gained in this place as a percentage of experience gained in the entire game.
 F = Experience gained in this place divided by the number of levels of this place that you have seen.
                   A       B       C       D       E      F
               +-------+-------+-------+-------+-------+----------------------
         Total | 100.0 | 100.0 |   N/A |   N/A | 100.0 | 583.1
       Dungeon |  89.3 |  89.3 |   N/A |   N/A |  95.1 | 692.9
         Sewer |   1.7 |   1.7 |   N/A |   N/A |   2.3 | 136.0
       Ossuary |   9.0 |   9.0 |   N/A |   N/A |   2.6 | 152.0
               +-------+-------+-------+-------+-------+----------------------

Table legend: (Time is in decaauts)
 A = Elapsed time spent in this place.
 B = Non-inter-level travel time spent in this place.
 C = Inter-level travel time spent in this place.
 D = Time resting spent in this place.
 E = Time spent auto-exploring this place.
 F = Levels seen in this place.
 G = Mean time per level.
                   A        B        C        D        E       F      G
               +--------+--------+--------+--------+--------+-----+--------+
         Total |   6660 |   6424 |    236 |      0 |   4823 |  10 |  666.0 |
       Dungeon |   6343 |   6107 |    236 |      0 |   4674 |   8 |  792.9 |
         Sewer |    119 |    119 |      0 |      0 |     42 |   1 |  119.0 |
       Ossuary |    197 |    197 |      0 |      0 |    107 |   1 |  197.0 |
               +--------+--------+--------+--------+--------+-----+--------+

Top non-repeatable levels by time:
     D:1: 1314 daAuts
     D:7: 917 daAuts
     D:5: 888 daAuts
     D:6: 855 daAuts
     D:2: 839 daAuts
     D:3: 664 daAuts
     D:4: 464 daAuts
     D:8: 399 daAuts
 Ossuary: 197 daAuts
   Sewer: 119 daAuts
